 Dungeon Crawl Stone Soup version 0.18-a0-776-g7a8d288 (webtiles) character file.

51 Ace the Conjurer (level 3, -4/19 HPs)
             Began as a Deep Elf Conjurer on Dec 13, 2015.
             Slain by a gnoll
             ... wielding a +0 whip
              (10 damage)
             ... on level 3 of the Dungeon.
             The game lasted 00:05:23 (2708 turns).

Ace the Conjurer (Deep Elf Conjurer)                Turns: 2708, Time: 00:05:23

Health: -4/19      AC:  3    Str:  6    XL:     3   Next: 58%
Magic:  10/10      EV: 13    Int: 19    God:
Gold:   80         SH:  0    Dex: 15    Spells: 2 memorised, 7 levels left

rFire  . . .     SeeInvis .     (no weapon)
rCold  . . .     Clarity  .     m - +0 robe
rNeg   . . .     SustAt   .     (no shield)
rPois  .         Gourm    .     (no helmet)
rElec  .         Spirit   .     (no cloak)
rCorr  .         Dismiss  .     f - +0 pair of gloves
rMut   .         Stasis   .     (no boots)
MR     .....                    (no amulet)
Stlth  ++........               (no ring)
                                (no ring)

@: not resistant to hostile enchantments, unstealthy
A: no striking features
a: no special abilities


You were on level 3 of the Dungeon.
You were not hungry.

You visited 1 branch of the dungeon, and saw 3 of its levels.

You collected 80 gold pieces.

Inventory:

Armour
 f - a +0 pair of gloves (worn)
 m - a +0 robe (worn)
Scrolls
 a - a scroll of amnesia {unknown}
 d - a scroll of noise {unknown}
 g - 3 scrolls of identify {unknown}
 l - a scroll of enchant armour {unknown}
Potions
 e - 2 potions of curing {unknown}
 i - a potion of flight {unknown}
 j - a potion of heal wounds {unknown}
 k - 2 potions of brilliance {unknown}
 o - 2 potions of degeneration {unknown}
Books
 b - a book of Conjurations

   Spells                             Type                      Level
   a - Magic Dart                     Conjuration                  1
   b - Searing Ray                    Conjuration                  2
   c - Dazzling Spray                 Conjuration/Hexes            3
   d - Fulminant Prism                Conjuration/Hexes            4
   e - Iskenderun's Mystic Blast      Conjuration                  4
   f - Iskenderun's Battlesphere      Conjuration/Charms           5
Comestibles
 c - 2 bread rations
 h - a beef jerky
 n - 2 chunks of flesh


   Skills:
 - Level 2.4 Dodging
 - Level 2.4 Stealth
 + Level 4.1 Spellcasting
 + Level 5.3 Conjurations


You had 7 spell levels left.
You knew the following spells:

 Your Spells              Type           Power        Failure   Level  Hunger
a - Magic Dart            Conj           ###.         1%          1    None
b - Searing Ray           Conj           ###...       2%          2    ##.....


Dungeon Overview and Level Annotations

Branches:
Dungeon (3/15)

Altars:
Fedhas
Qazlal


Message History

Found a stone staircase leading up.
The gnoll shouts!
A bat comes into view.
The gnoll shouts! x2
The bat hits you but does no damage. The bat closely misses you.
The gnoll throws a throwing net.
The throwing net hits you.
You become entangled in the net!
You see here a throwing net.
You try to slip out of the net.
The bat closely misses you. The gnoll hits you with a whip!
You struggle against the net.
The bat hits you but does no damage. The bat barely misses you.
You try to slip out of the net.
The bat barely misses you. The gnoll hits you but does no damage.
The bat hits you. The gnoll barely misses you.
The gnoll hits you from afar with a spear.
You slip out of the net!
The bat barely misses you. The gnoll hits you with a whip!
Ouch! That really hurt!
You die...

#############
#............
#####.###.#######
#..........##.## #
#.###.###....(.##.#
###g###.# #.......#.####
.....gg@# #.............
.....b.g# #.........##.#
........# #.#...........
<.......###.#.#..#..####
..######............# .
#####.##.#.##
####.##...# .........##
.###.##[.#


You could see 4 gnolls and a bat.

Vanquished Creatures
  An adder (D:2)
  3 ball pythons
  3 bats
  2 giant cockroaches
  2 goblins (D:1)
  6 hobgoblins
  5 jackals
  2 kobolds
  3 giant geckos (D:2)
  5 giant newts
  4 rats (D:1)
36 creatures vanquished.

Notes
Turn   | Place    | Note
--------------------------------------------------------------
     0 | D:1      | Ace the Deep Elf Conjurer began the quest for the Orb.
     0 | D:1      | Reached XP level 1. HP: 10/10 MP: 6/6
   289 | D:1      | Reached XP level 2. HP: 13/15 MP: 2/8
   395 | D:1      | Learned a level 2 spell: Searing Ray
   994 | D:2      | Reached skill level 5 in Conjurations
  1439 | D:2      | Reached XP level 3. HP: 19/19 MP: 7/10
  2504 | D:3      | Found a blossoming altar of Fedhas.
  2524 | D:3      | Found a stormy altar of Qazlal.
  2708 | D:3      | Slain by a gnoll

Vault maps used:
D:1:      eino_arrival_druids_welcome, minmay_liquid_box, item_on_display_a
D:3:      grunt_temple_overflow_forces_of_nature, makhleb_grotto_becter,
          first_bread, kennysheep_generic_room_15

Action                   || total
-------------------------++-------
Melee: Unarmed           ||     1
 Cast: Magic Dart        ||    49
       Searing Ray       ||    10
 Stab: Sleeping          ||     1
  Eat: Chunk             ||     4
       Beef jerky        ||     1
